2997 views
Uploaded 2020-02-05 08:01:56
Game version 1.32 / 1.32.1
18:08 long 4on4 ladder game on (8)GolemsInTheMist_LV
Saved by BaDitO2
2997 views
Uploaded 2020-02-05 08:01:56
Game version 1.32 / 1.32.1
18:08 long 4on4 ladder game on (8)GolemsInTheMist_LV


168 units @ 21.8k
/ 3.1k
97 buildings @ 13.1k
/ 5.2k

| Peasant | 31 | 2325 | / | 0 |
| Footman | 18 | 2430 | / | 0 |
| Rifleman | 2 | 410 | / | 60 |
| Priest | 4 | 540 | / | 40 |
| Knight | 8 | 1960 | / | 480 |
| total: | 63 | 7665g | / | 580w |
| Scout Tower | 8 | 240 | / | 160 |
| Guard Tower | 2 | 140 | / | 100 |
| Altar of Kings | 1 | 180 | / | 50 |
| Farm | 12 | 960 | / | 240 |
| Barracks | 3 | 480 | / | 180 |
| Blacksmith | 1 | 140 | / | 60 |
| Town Hall | 2 | 770 | / | 410 |
| Lumber Mill | 4 | 480 | / | 0 |
| Arcane Vault | 2 | 260 | / | 60 |
| Arcane Sanctum | 2 | 300 | / | 280 |
| Keep | 1 | 320 | / | 210 |
| Castle | 1 | 360 | / | 210 |
| total: | 35 | 3810g | / | 1440w |
| 0:05 | Peasant |
| 0:05 | Peasant |
| 0:11 | Altar of Kings |
| 0:13 | Peasant |
| 0:21 | Farm |
| 0:35 | Barracks |
| 0:42 | Peasant |
| 0:43 | Peasant |
| 1:02 | Peasant |
| 1:02 | Peasant |
| 1:07 | Farm |
| 1:15 | Peasant |
| 1:46 | Farm |
| 1:48 | Footman |
| 1:51 | Peasant |
| 2:01 | Peasant |
| 2:11 | Summon Water Elemental |
| 2:14 | Footman |
| 2:22 | Footman |
| 2:50 | Blacksmith |
| 3:03 | Footman |
| 3:09 | Peasant |
| 3:31 | Footman |
| 3:36 | Farm |
| 4:04 | Brilliance Aura |
| 4:19 | Town Hall |
| 4:23 | Peasant |
| 4:23 | Peasant |
| 4:27 | Lumber Mill |
| 4:39 | Arcane Vault |
| 5:09 | Footman |
| 5:39 | Peasant |
| 5:39 | Peasant |
| 5:39 | Peasant |
| 5:40 | Peasant |
| 5:51 | Peasant |
| 5:51 | Peasant |
| 6:04 | Peasant |
| 6:04 | Peasant |
| 6:14 | Footman |
| 6:14 | Footman |
| 6:14 | Footman |
| 6:14 | Footman |
| 6:28 | Footman |
| 6:32 | Lumber Mill |
| 6:34 | Barracks |
| 6:38 | Barracks |
| 6:49 | Peasant |
| 6:49 | Peasant |
| 6:49 | Peasant |
| 7:21 | Keep |
| 7:26 | Arcane Vault |
| 7:27 | Footman |
| 8:02 | Rifleman |
| 8:04 | Footman |
| 8:35 | Town Hall |
| 8:39 | Lumber Mill |
| 8:51 | Brilliance Aura |
| 9:01 | Rifleman |
| 9:20 | Footman |
| 9:46 | Peasant |
| 9:46 | Peasant |
| 9:46 | Peasant |
| 9:53 | Scout Tower |
| 9:55 | Scout Tower |
| 9:57 | Scout Tower |
| 9:58 | Scout Tower |
| 10:00 | Scout Tower |
| 10:08 | Blizzard |
| 10:24 | Guard Tower |
| 10:26 | Peasant |
| 10:27 | Peasant |
| 10:27 | Peasant |
| 10:46 | Arcane Sanctum |
| 10:46 | Arcane Sanctum |
| 10:51 | Guard Tower |
| 10:53 | Scout Tower |
| 10:55 | Scout Tower |
| 10:55 | Scout Tower |
| 10:58 | Peasant |
| 11:27 | Footman |
| 11:27 | Footman |
| 11:50 | Footman |
| 12:09 | Footman |
| 12:11 | Priest |
| 12:26 | Brilliance Aura |
| 12:44 | Priest |
| 12:54 | Castle |
| 12:57 | Priest Adept Training |
| 13:24 | Farm |
| 13:26 | Farm |
| 13:29 | Farm |
| 13:34 | Improved Lumber Harvesting |
| 14:08 | Lumber Mill |
| 14:31 | Sorceress Adept Training |
| 14:56 | Priest |
| 14:58 | Priest |
| 15:42 | Knight |
| 15:43 | Knight |
| 15:43 | Knight |
| 15:44 | Knight |
| 15:47 | Farm |
| 15:48 | Farm |
| 15:49 | Farm |
| 16:27 | Knight |
| 16:44 | Farm |
| 16:45 | Farm |
| 16:52 | Knight |
| 17:18 | Knight |
| 17:46 | Blizzard |
| 17:51 | Knight |
| Right click | 529 |
| Select group | 287 |
| Select | 229 |
| Build/train/purchase | 118 |
| Chat | 98 |
| Misc. action | 44 |
| Assign group | 28 |
| Use ability | 20 |
| Resource trade | 13 |
| Esc | 6 |
| Minimap ping | 4 |

| Scroll of Regeneration | 2 | 200 |
| Lesser Clarity Potion | 1 | 70 |
| Scroll of Healing | 2 | 500 |
| Scroll of Protection | 1 | 150 |
| total: | 6 | 920g |
| Peasant | 13 | 975 | / | 0 |
| Rifleman | 11 | 2255 | / | 330 |
| Mortar Team | 4 | 720 | / | 280 |
| Goblin Shredder | 2 | 750 | / | 200 |
| total: | 30 | 4700g | / | 810w |
| Altar of Kings | 1 | 180 | / | 50 |
| Farm | 15 | 1200 | / | 300 |
| Blacksmith | 1 | 140 | / | 60 |
| Barracks | 3 | 480 | / | 180 |
| Town Hall | 1 | 385 | / | 205 |
| Lumber Mill | 1 | 120 | / | 0 |
| Arcane Vault | 1 | 130 | / | 30 |
| Workshop | 6 | 840 | / | 840 |
| Keep | 1 | 320 | / | 210 |
| Castle | 1 | 360 | / | 210 |
| total: | 29 | 3475g | / | 1665w |
| 0:02 | Peasant |
| 0:03 | Peasant |
| 0:03 | Peasant |
| 0:29 | Peasant |
| 0:38 | Peasant |
| 0:45 | Altar of Kings |
| 0:47 | Farm |
| 0:51 | Peasant |
| 1:07 | Peasant |
| 1:16 | Peasant |
| 1:22 | Blacksmith |
| 1:23 | Peasant |
| 1:26 | Farm |
| 1:30 | Peasant |
| 1:38 | Barracks |
| 1:52 | Peasant |
| 2:00 | Farm |
| 2:14 | Peasant |
| 2:41 | Rifleman |
| 2:42 | Flame Strike |
| 2:58 | Peasant |
| 3:09 | Rifleman |
| 3:32 | Farm |
| 3:51 | Siphon Mana |
| 3:53 | Farm |
| 4:01 | Town Hall |
| 4:13 | Lumber Mill |
| 4:35 | Rifleman |
| 5:04 | Goblin Shredder |
| 5:27 | Rifleman |
| 5:37 | Barracks |
| 5:51 | Arcane Vault |
| 6:11 | Rifleman |
| 6:13 | Black Gunpowder |
| 6:13 | Studded Leather Armor |
| 6:37 | Rifleman |
| 6:41 | Farm |
| 6:47 | Flame Strike |
| 6:57 | Barracks |
| 7:09 | Rifleman |
| 7:16 | Farm |
| 7:17 | Farm |
| 7:18 | Farm |
| 7:31 | Farm |
| 7:31 | Farm |
| 7:36 | Scroll of Regeneration |
| 7:41 | Scroll of Regeneration |
| 7:41 | Lesser Clarity Potion |
| 8:03 | Keep |
| 8:35 | Rifleman |
| 8:48 | Scroll of Healing |
| 9:09 | Rifleman |
| 9:52 | Rifleman |
| 10:12 | Siphon Mana |
| 10:29 | Scroll of Healing |
| 10:29 | Scroll of Protection |
| 10:33 | Long Rifles |
| 10:35 | Refined Gunpowder |
| 10:45 | Rifleman |
| 11:14 | Castle |
| 12:01 | Workshop |
| 12:02 | Workshop |
| 12:02 | Workshop |
| 12:21 | Flame Strike |
| 13:17 | Mortar Team |
| 13:18 | Reinforced Leather Armor |
| 13:22 | Farm |
| 13:23 | Farm |
| 14:13 | Workshop |
| 14:14 | Workshop |
| 14:16 | Workshop |
| 14:19 | Imbued Gunpowder |
| 14:21 | Fragmentation Shards |
| 14:23 | Flare |
| 15:07 | Farm |
| 15:08 | Goblin Shredder |
| 15:15 | Farm |
| 15:18 | Mortar Team |
| 15:40 | Dragonhide Armor |
| 15:51 | Mortar Team |
| 16:45 | Mortar Team |
| 17:18 | Summon Phoenix |
| Select group | 889 |
| Right click | 605 |
| Select | 411 |
| Misc. action | 192 |
| Build/train/purchase | 105 |
| Assign group | 49 |
| Resource trade | 42 |
| Use ability | 34 |
| Minimap ping | 2 |
| Item give/drop | 1 |
| Esc | 1 |


| Boots of Speed | 1 | 250 |
| Staff of Teleportation | 1 | 150 |
| total: | 2 | 400g |
| Wisp | 25 | 1500 | / | 0 |
| Archer | 8 | 1040 | / | 80 |
| Hippogryph | 7 | 1120 | / | 140 |
| Glaive Thrower | 5 | 1050 | / | 325 |
| Mountain Giant | 1 | 350 | / | 100 |
| Goblin Shredder | 1 | 375 | / | 100 |
| total: | 47 | 5435g | / | 745w |
| Altar of Elders | 2 | 360 | / | 100 |
| Moon Well | 8 | 1440 | / | 320 |
| Ancient of War | 2 | 300 | / | 120 |
| Hunter's Hall | 1 | 210 | / | 100 |
| Tree of Life | 1 | 340 | / | 185 |
| Ancient of Wonders | 2 | 180 | / | 60 |
| Ancient of Wind | 2 | 300 | / | 280 |
| Ancient of Lore | 1 | 155 | / | 145 |
| Tree of Ages | 1 | 320 | / | 180 |
| Tree of Eternity | 1 | 330 | / | 200 |
| total: | 19 | 3285g | / | 1310w |
| 0:08 | Wisp |
| 0:08 | Wisp |
| 0:09 | Altar of Elders |
| 0:10 | Moon Well |
| 0:22 | Wisp |
| 0:30 | Ancient of War |
| 0:34 | Wisp |
| 0:52 | Wisp |
| 1:07 | Wisp |
| 1:20 | Altar of Elders |
| 1:21 | Moon Well |
| 1:24 | Wisp |
| 1:33 | Archer |
| 1:37 | Wisp |
| 1:50 | Ancient of War |
| 1:53 | Archer |
| 2:05 | Archer |
| 2:06 | Wisp |
| 2:26 | Acid Bomb |
| 2:28 | Archer |
| 2:32 | Wisp |
| 2:32 | Wisp |
| 2:41 | Wisp |
| 2:58 | Archer |
| 3:00 | Wisp |
| 3:16 | Moon Well |
| 3:46 | Tree of Ages |
| 4:02 | Chemical Rage |
| 4:08 | Hunter's Hall |
| 4:17 | Archer |
| 4:43 | Tree of Life |
| 4:59 | Acid Bomb |
| 5:13 | Archer |
| 5:26 | Strength of the Moon |
| 5:27 | Ancient of Wonders |
| 5:31 | Archer |
| 6:12 | Improved Bows |
| 6:14 | Ancient of Wind |
| 6:14 | Ancient of Wind |
| 6:51 | Tree of Eternity |
| 6:53 | Wisp |
| 6:53 | Wisp |
| 7:17 | Hippogryph |
| 7:18 | Hippogryph |
| 7:26 | Wisp |
| 7:40 | Improved Strength of the Moon |
| 7:44 | Wisp |
| 7:44 | Wisp |
| 7:45 | Wisp |
| 7:57 | Hippogryph |
| 8:00 | Hippogryph |
| 8:19 | Hippogryph |
| 8:33 | Nature's Blessing |
| 8:35 | Moon Armor |
| 8:38 | Ancient of Lore |
| 8:54 | Chemical Rage |
| 9:11 | Moon Well |
| 10:10 | Well Spring |
| 10:11 | Marksmanship |
| 10:12 | Druid of the Talon Adept Training |
| 10:17 | Moon Well |
| 10:18 | Moon Well |
| 10:19 | Druid of the Claw Adept Training |
| 10:24 | Boots of Speed |
| 10:25 | Staff of Teleportation |
| 11:05 | Acid Bomb |
| 11:55 | Ancient of Wonders |
| 11:57 | Hippogryph |
| 11:59 | Druid of the Talon Master Training |
| 11:59 | Druid of the Claw Master Training |
| 12:17 | Transmute |
| 12:47 | Mark of the Claw |
| 13:26 | Vorpal Blades |
| 13:27 | Glaive Thrower |
| 13:33 | Wisp |
| 13:33 | Wisp |
| 13:34 | Wisp |
| 13:34 | Wisp |
| 13:44 | Goblin Shredder |
| 14:16 | Hippogryph |
| 14:20 | Moon Well |
| 14:29 | Glaive Thrower |
| 14:33 | Moon Glaive |
| 15:05 | Glaive Thrower |
| 15:11 | Glaive Thrower |
| 15:14 | Glaive Thrower |
| 15:17 | Moon Well |
| 15:57 | Advanced Strength of the Moon |
| 16:03 | Wisp |
| 16:03 | Wisp |
| 16:21 | Mountain Giant |
| 16:55 | Trueshot Aura |
| 17:03 | Chemical Rage |
| Select group | 1994 |
| Right click | 1580 |
| Select | 336 |
| Chat | 136 |
| Build/train/purchase | 113 |
| Assign group | 42 |
| Misc. action | 24 |
| Use ability | 24 |
| Item give/drop | 3 |
| Esc | 3 |
| Minimap ping | 3 |

| Healing Salve | 1 | 100 |
| Lesser Clarity Potion | 2 | 140 |
| Orb of Lightning | 1 | 375 |
| Scroll of Town Portal | 1 | 350 |
| total: | 5 | 965g |
| Peon | 8 | 600 | / | 0 |
| Troll Headhunter | 11 | 1540 | / | 220 |
| Troll Berserker | 2 | 280 | / | 40 |
| Kodo Beast | 1 | 255 | / | 60 |
| Goblin Sapper | 6 | 1290 | / | 600 |
| total: | 28 | 3965g | / | 920w |
| Altar of Storms | 1 | 180 | / | 50 |
| Orc Burrow | 6 | 960 | / | 240 |
| War Mill | 2 | 410 | / | 0 |
| Barracks | 2 | 360 | / | 100 |
| Voodoo Lounge | 1 | 130 | / | 30 |
| Great Hall | 1 | 385 | / | 185 |
| Beastiary | 1 | 145 | / | 140 |
| Stronghold | 1 | 315 | / | 190 |
| Fortress | 1 | 325 | / | 190 |
| total: | 14 | 2570g | / | 745w |
| 0:04 | Peon |
| 0:04 | Peon |
| 0:10 | Altar of Storms |
| 0:21 | Orc Burrow |
| 0:35 | Peon |
| 0:43 | War Mill |
| 0:48 | Peon |
| 1:04 | Peon |
| 1:12 | Peon |
| 1:24 | Barracks |
| 1:41 | Peon |
| 1:54 | Peon |
| 2:09 | Orc Burrow |
| 2:26 | Troll Headhunter |
| 2:35 | Voodoo Lounge |
| 2:45 | War Stomp |
| 3:00 | Troll Headhunter |
| 3:00 | Troll Headhunter |
| 3:28 | Stronghold |
| 3:51 | Troll Headhunter |
| 4:10 | Healing Salve |
| 4:10 | Lesser Clarity Potion |
| 4:19 | Troll Headhunter |
| 4:25 | Troll Headhunter |
| 4:44 | Orc Burrow |
| 5:06 | Steel Ranged Weapons |
| 5:41 | Troll Headhunter |
| 5:45 | Barracks |
| 6:44 | Reinforced Defenses |
| 6:45 | Fortress |
| 7:10 | Troll Headhunter |
| 7:11 | Troll Regeneration |
| 7:34 | Lesser Clarity Potion |
| 7:54 | Troll Headhunter |
| 8:20 | Endurance Aura |
| 8:26 | Troll Headhunter |
| 9:17 | Pillage |
| 9:19 | Berserker Upgrade |
| 9:20 | Troll Headhunter |
| 9:34 | Orb of Lightning |
| 9:55 | Endurance Aura |
| 10:25 | Troll Berserker |
| 10:25 | Troll Berserker |
| 10:30 | Orc Burrow |
| 10:32 | Thorium Ranged Weapons |
| 10:59 | Scroll of Town Portal |
| 11:27 | Beastiary |
| 12:14 | Shockwave |
| 12:34 | Orc Burrow |
| 12:36 | Kodo Beast |
| 12:36 | War Drums Damage Increase |
| 12:42 | Arcanite Ranged Weapons |
| 13:39 | Great Hall |
| 14:24 | Goblin Sapper |
| 14:24 | Goblin Sapper |
| 15:05 | Endurance Aura |
| 15:39 | Orc Burrow |
| 15:41 | War Mill |
| 16:13 | Goblin Sapper |
| 17:27 | Reincarnation |
| 17:38 | Goblin Sapper |
| 17:38 | Goblin Sapper |
| 17:39 | Goblin Sapper |
| Right click | 1114 |
| Select | 191 |
| Build/train/purchase | 62 |
| Use ability | 24 |
| Chat | 21 |
| Resource trade | 17 |
| Minimap ping | 5 |
98 units @ 15.2k
/ 2k
51 buildings @ 7.6k
/ 2.9k

| Potion of Mana | 1 | 200 |
| Healing Salve | 1 | 100 |
| Potion of Healing | 1 | 150 |
| Scroll of Speed | 1 | 50 |
| total: | 4 | 500g |
| Peon | 9 | 675 | / | 0 |
| Grunt | 1 | 200 | / | 0 |
| Troll Headhunter | 22 | 3080 | / | 440 |
| Goblin Shredder | 1 | 375 | / | 100 |
| Goblin Zeppelin | 1 | 240 | / | 60 |
| total: | 34 | 4570g | / | 600w |
| Watch Tower | 4 | 440 | / | 320 |
| Orc Burrow | 5 | 800 | / | 200 |
| Altar of Storms | 1 | 180 | / | 50 |
| Barracks | 2 | 360 | / | 100 |
| War Mill | 1 | 205 | / | 0 |
| Voodoo Lounge | 1 | 130 | / | 30 |
| Stronghold | 1 | 315 | / | 190 |
| Fortress | 1 | 325 | / | 190 |
| total: | 14 | 2115g | / | 700w |
| 0:02 | Peon |
| 0:16 | Peon |
| 0:20 | Orc Burrow |
| 0:35 | Altar of Storms |
| 0:36 | Peon |
| 0:52 | Barracks |
| 0:53 | Peon |
| 0:54 | Peon |
| 0:57 | Peon |
| 1:10 | War Mill |
| 1:14 | Peon |
| 1:27 | Peon |
| 1:50 | Peon |
| 1:53 | Orc Burrow |
| 1:58 | Grunt |
| 2:12 | Orc Burrow |
| 2:37 | Healing Wave |
| 2:47 | Troll Headhunter |
| 2:48 | Troll Headhunter |
| 2:53 | Voodoo Lounge |
| 3:13 | Troll Headhunter |
| 3:17 | Steel Ranged Weapons |
| 3:33 | Orc Burrow |
| 3:49 | Troll Headhunter |
| 4:05 | Troll Headhunter |
| 4:19 | Troll Headhunter |
| 4:31 | Troll Headhunter |
| 4:36 | Spiked Barricades |
| 4:52 | Hex |
| 4:56 | Stronghold |
| 5:12 | Troll Headhunter |
| 5:13 | Troll Headhunter |
| 5:34 | Troll Headhunter |
| 6:17 | Troll Headhunter |
| 6:20 | Troll Headhunter |
| 6:56 | Troll Headhunter |
| 7:18 | Fortress |
| 7:25 | Troll Headhunter |
| 7:26 | Troll Regeneration |
| 7:38 | Potion of Mana |
| 7:46 | Healing Salve |
| 7:51 | Potion of Healing |
| 7:53 | Scroll of Speed |
| 8:03 | Thorium Ranged Weapons |
| 8:19 | Healing Wave |
| 8:32 | Troll Headhunter |
| 9:25 | Troll Headhunter |
| 9:28 | Orc Burrow |
| 9:29 | Reinforced Defenses |
| 10:15 | Barracks |
| 10:16 | Troll Headhunter |
| 10:17 | Troll Headhunter |
| 10:17 | Troll Headhunter |
| 10:31 | Troll Headhunter |
| 10:56 | Arcanite Ranged Weapons |
| 11:19 | Troll Headhunter |
| 11:21 | Troll Headhunter |
| 11:56 | Berserker Upgrade |
| 12:47 | Watch Tower |
| 12:47 | Watch Tower |
| 12:49 | Watch Tower |
| 12:51 | Watch Tower |
| 13:30 | Goblin Shredder |
| 13:41 | Goblin Zeppelin |
| Right click | 272 |
| Select | 171 |
| Select group | 165 |
| Build/train/purchase | 89 |
| Misc. action | 79 |
| Assign group | 22 |
| Use ability | 20 |
| Esc | 4 |
| Chat | 4 |
| Item give/drop | 1 |
| Minimap ping | 1 |


| Peasant | 5 | 375 | / | 0 |
| Footman | 8 | 1080 | / | 0 |
| Rifleman | 9 | 1845 | / | 270 |
| total: | 22 | 3300g | / | 270w |
| Altar of Kings | 1 | 180 | / | 50 |
| Farm | 6 | 480 | / | 120 |
| Barracks | 1 | 160 | / | 60 |
| Lumber Mill | 1 | 120 | / | 0 |
| Blacksmith | 1 | 140 | / | 60 |
| Keep | 1 | 320 | / | 210 |
| total: | 10 | 1080g | / | 290w |
| 0:03 | Peasant |
| 0:08 | Altar of Kings |
| 0:12 | Farm |
| 0:20 | Peasant |
| 0:20 | Peasant |
| 0:28 | Barracks |
| 1:30 | Lumber Mill |
| 1:33 | Peasant |
| 1:33 | Peasant |
| 1:41 | Footman |
| 1:42 | Footman |
| 1:48 | Blacksmith |
| 1:59 | Farm |
| 2:17 | Footman |
| 2:26 | Holy Light |
| 2:39 | Footman |
| 3:35 | Keep |
| 3:49 | Farm |
| 4:27 | Rifleman |
| 4:28 | Footman |
| 4:28 | Rifleman |
| 4:30 | Rifleman |
| 4:30 | Footman |
| 4:50 | Devotion Aura |
| 5:17 | Iron Forged Swords |
| 5:18 | Black Gunpowder |
| 5:26 | Farm |
| 5:27 | Farm |
| 5:28 | Farm |
| 7:10 | Steel Forged Swords |
| 7:10 | Iron Plating |
| 7:10 | Studded Leather Armor |
| 7:38 | Improved Lumber Harvesting |
| 7:41 | Footman |
| 7:41 | Footman |
| 7:50 | Holy Light |
| 8:19 | Long Rifles |
| 8:32 | Rifleman |
| 8:46 | Rifleman |
| 9:02 | Brilliance Aura |
| 10:35 | Rifleman |
| 10:36 | Rifleman |
| 10:38 | Refined Gunpowder |
| 10:39 | Steel Plating |
| 11:34 | Rifleman |
| 11:34 | Rifleman |
| Right click | 202 |
| Select | 97 |
| Build/train/purchase | 41 |
| Use ability | 8 |
| Misc. action | 1 |

| Rod of Necromancy | 1 | 150 |
| total: | 1 | 150g |
| Acolyte | 3 | 225 | / | 0 |
| Ghoul | 3 | 360 | / | 0 |
| Crypt Fiend | 15 | 3225 | / | 600 |
| total: | 21 | 3810g | / | 600w |
| Spirit Tower | 2 | 290 | / | 80 |
| Nerubian Tower | 1 | 100 | / | 20 |
| Crypt | 1 | 200 | / | 50 |
| Graveyard | 1 | 215 | / | 0 |
| Ziggurat | 4 | 600 | / | 200 |
| Altar of Darkness | 1 | 180 | / | 50 |
| Tomb of Relics | 1 | 130 | / | 30 |
| Temple of the Damned | 1 | 155 | / | 140 |
| Slaughterhouse | 1 | 140 | / | 135 |
| Halls of the Dead | 1 | 320 | / | 210 |
| Black Citadel | 1 | 325 | / | 230 |
| total: | 10 | 1620g | / | 605w |
| 0:05 | Acolyte |
| 0:06 | Acolyte |
| 0:15 | Crypt |
| 0:35 | Graveyard |
| 0:44 | Ziggurat |
| 0:57 | Altar of Darkness |
| 1:20 | Ghoul |
| 1:21 | Ghoul |
| 1:38 | Ziggurat |
| 2:08 | Crypt Fiend |
| 2:45 | Crypt Fiend |
| 2:57 | Ghoul |
| 3:21 | Crypt Fiend |
| 3:22 | Crypt Fiend |
| 3:30 | Death Coil |
| 3:35 | Tomb of Relics |
| 4:11 | Crypt Fiend |
| 4:12 | Crypt Fiend |
| 4:58 | Crypt Fiend |
| 5:14 | Ziggurat |
| 5:21 | Ziggurat |
| 5:26 | Acolyte |
| 5:58 | Unholy Aura |
| 6:41 | Crypt Fiend |
| 6:42 | Crypt Fiend |
| 7:15 | Halls of the Dead |
| 7:21 | Creature Carapace |
| 8:02 | Crypt Fiend |
| 8:10 | Creature Attack |
| 8:15 | Spirit Tower |
| 8:17 | Spirit Tower |
| 8:18 | Nerubian Tower |
| 8:52 | Crypt Fiend |
| 10:21 | Death Coil |
| 10:46 | Temple of the Damned |
| 10:52 | Slaughterhouse |
| 10:55 | Burrow |
| 10:56 | Web |
| 10:56 | Crypt Fiend |
| 10:56 | Crypt Fiend |
| 11:08 | Rod of Necromancy |
| 12:19 | Crypt Fiend |
| 12:20 | Crypt Fiend |
| 12:25 | Exhume Corpses |
| 12:37 | Black Citadel |
| Right click | 213 |
| Select | 126 |
| Build/train/purchase | 37 |
| Select group | 15 |
| Use ability | 8 |
| Assign group | 1 |
| Esc | 1 |

| Rod of Necromancy | 1 | 150 |
| Ritual Dagger | 1 | 125 |
| Lesser Clarity Potion | 1 | 70 |
| Potion of Healing | 3 | 450 |
| Potion of Mana | 2 | 400 |
| Healing Salve | 1 | 100 |
| total: | 9 | 1295g |
| Acolyte | 7 | 525 | / | 0 |
| Ghoul | 2 | 240 | / | 0 |
| Crypt Fiend | 11 | 2365 | / | 440 |
| Goblin Shredder | 1 | 375 | / | 100 |
| total: | 21 | 3505g | / | 540w |
| Nerubian Tower | 2 | 200 | / | 40 |
| Spirit Tower | 1 | 145 | / | 40 |
| Graveyard | 1 | 215 | / | 0 |
| Crypt | 1 | 200 | / | 50 |
| Altar of Darkness | 1 | 180 | / | 50 |
| Ziggurat | 8 | 1200 | / | 400 |
| Tomb of Relics | 1 | 130 | / | 30 |
| Necropolis | 1 | 225 | / | 0 |
| Sacrificial Pit | 1 | 75 | / | 150 |
| Boneyard | 3 | 525 | / | 600 |
| Halls of the Dead | 1 | 320 | / | 210 |
| Black Citadel | 1 | 325 | / | 230 |
| total: | 17 | 2750g | / | 1280w |
| 0:02 | Acolyte |
| 0:03 | Acolyte |
| 0:09 | Graveyard |
| 0:21 | Crypt |
| 0:41 | Altar of Darkness |
| 0:56 | Ziggurat |
| 1:13 | Acolyte |
| 1:27 | Ghoul |
| 1:35 | Ziggurat |
| 1:50 | Nerubian Tower |
| 2:00 | Acolyte |
| 2:10 | Acolyte |
| 2:16 | Ghoul |
| 2:31 | Tomb of Relics |
| 2:43 | Crypt Fiend |
| 2:48 | Unholy Aura |
| 3:01 | Acolyte |
| 3:05 | Acolyte |
| 3:35 | Rod of Necromancy |
| 3:35 | Ritual Dagger |
| 4:09 | Halls of the Dead |
| 4:14 | Crypt Fiend |
| 4:32 | Crypt Fiend |
| 4:52 | Death Coil |
| 5:07 | Necropolis |
| 5:33 | Crypt Fiend |
| 5:42 | Crypt Fiend |
| 6:28 | Ziggurat |
| 6:30 | Ziggurat |
| 6:31 | Ziggurat |
| 6:33 | Ziggurat |
| 6:45 | Creature Attack |
| 6:46 | Black Citadel |
| 7:00 | Lesser Clarity Potion |
| 7:02 | Healing Salve |
| 7:20 | Potion of Healing |
| 7:21 | Potion of Mana |
| 7:27 | Crypt Fiend |
| 7:29 | Nerubian Tower |
| 7:46 | Goblin Shredder |
| 7:57 | Death Coil |
| 8:20 | Spirit Tower |
| 9:02 | Crypt Fiend |
| 9:02 | Crypt Fiend |
| 9:17 | Creature Carapace |
| 9:33 | Crypt Fiend |
| 9:35 | Improved Creature Attack |
| 10:07 | Sacrificial Pit |
| 10:10 | Ziggurat |
| 10:13 | Ziggurat |
| 10:43 | Crypt Fiend |
| 11:00 | Potion of Healing |
| 11:01 | Potion of Mana |
| 11:03 | Potion of Healing |
| 11:11 | Improved Creature Carapace |
| 11:48 | Crypt Fiend |
| 11:52 | Boneyard |
| 11:54 | Boneyard |
| 11:58 | Boneyard |
| Right click | 357 |
| Select group | 268 |
| Select | 159 |
| Misc. action | 152 |
| Build/train/purchase | 78 |
| Minimap ping | 47 |
| Assign group | 32 |
| Use ability | 22 |
| Item give/drop | 2 |
| Remove unit | 2 |
⇛